AoeStats
← bullseyes

Arena

506407185Analyzed
4v4 RM · 19d ago on Sep 13, 2026· 24m 32s· 8 players
Game mode
Random Map
Map size
Large (8 player)
Population
200
Speed
Normal
Resources
Standard
Victory
Conquest
Starting age
Dark Age
Ending age
Imperial Age
RankedLock teamsTeams togetherTeam positionsShared explorationLock speedFull tech treeHidden civsTurbo modeCheats
Victory
Defeat
🇹🇼 Romans · Taiwan
1794
+7
🇹🇼 Khmer · Taiwan
1705
+10
🇨🇳 Slavs · China
1687
+11
🇹🇼 Italians · Taiwan
1490
+19
🇫🇷 Vietnamese · France
1598
-13
🇪🇸 Spanish · Spain
1582
-12
🇧🇪 Portuguese · Belgium
1580
-12
🇬🇧 Bengalis · United Kingdom
1538
-10
Gene_Parmesan__
11:19 Feudal Age
12:35 Double-Bit Axe
15:34 Castle Age
13:17 Horse Collar
17:18 Bow Saw
21:53 Husbandry
Vlad von Carstein
10:56 Feudal Age
15:02 Castle Age
12:59 Double-Bit Axe
13:29 Horse Collar
16:06 Heavy Plow
16:21 Bow Saw
23:22 Wheelbarrow
23:49 Padded Archer Armor
bullseyes
7:12 Loom
10:08 Feudal Age
11:15 Double-Bit Axe
13:52 Castle Age
Getsuga Tensho
13:49 Feudal Age
18:00 Castle Age
16:11 Double-Bit Axe
17:19 Gold Mining
17:59 Loom
19:23 Bow Saw
22:38 Imperial Age
20:26 Horse Collar
21:46 Heavy Plow
22:30 Fletching
2KM1
8:30 Feudal Age
6:50 Loom
12:22 Castle Age
12:04 Double-Bit Axe
兰博基尼
10:01 Feudal Age
13:39 Castle Age
11:51 Double-Bit Axe
12:37 Horse Collar
17:29 Wheelbarrow
20:30 Bow Saw
22:41 Heavy Plow
23:20 Gold Mining
23:27 Stone Mining
YanShiba
11:46 Feudal Age
14:28 Castle Age
12:42 Double-Bit Axe
12:44 Horse Collar
15:02 Bloodlines
15:11 Light Cavalry
17:16 Scale Barding Armor
20:41 Husbandry
22:07 Gold Mining
22:29 Forging
HanShiba
10:39 Feudal Age
14:26 Castle Age
12:41 Double-Bit Axe
12:59 Horse Collar
16:01 Bow Saw
18:05 Fletching
19:49 Bodkin Arrow
26:46 Imperial Age
Connection lost

Rejoining the realm…

Still unreachable

The connection could not be restored.

Session expired

The server has moved on; the page needs a fresh start.